General information
- name: BNet
- type: Ladder team game (AT/RT)
- host: Battle.net
- saver: GoHardOrGoHome
map: MarketSquare
- players: 8
- length: 44:37
- speed: Fast
- version: 1.26 W3XP
- replay type: Public
» download(267 KB)
Players
team 1 (winner)
JERK2 (
green | 134 APM | 4592 actions | 34:16)
7 Death Knight
3 Death Coil
3 Unholy Aura
1 Death Pact
6 Lich
3 Frost Nova
2 Dark Ritual
1 Death and Decay
5 Dark Ranger
3 Silence
2 Black Arrow
» actions
| Assign group hotkey | 76 | |
| Basic commands | 129 | |
| Build / train | 109 | |
| ESC pressed | 5 | |
| Enter build submenu | 27 | |
| Enter hero's abilities submenu | 18 | |
| Give item / drop item | 2 | |
| Right click | 1857 | |
| Select / deselect | 621 | |
| Select group hotkey | 1526 | |
| Use ability | 222 | |
4592 total
» units
| Acolyte | 13 | |
| Ghoul | 8 | |
| Crypt Fiend | 13 | |
| Obsidian Statue | 7 | |
| Frost Wyrm | 3 | |
| Abomination | 1 | |
| Gargoyle | 7 | |
52 total
» upgrades
| Creature Attack | 3 | |
| Creature Carapace | 3 | |
| Burrow | 1 | |
| Web | 1 | |
| Destroyer Form | 1 | |
| Disease Cloud | 1 | |
| Freezing Breath | 1 | |
| Unholy Armor | 1 | |
| Stone Form | 1 | |
13 total
» buildings
| Graveyard | 1 | |
| Crypt | 4 | |
| Ziggurat | 9 | |
| Altar of Darkness | 1 | |
| Tomb of Relics | 1 | |
| Nerubian Tower | 2 | |
| Necropolis | 1 | |
| Halls of the Dead | 4 | |
| Slaughterhouse | 1 | |
| Sacrificial Pit | 3 | |
| Black Citadel | 1 | |
| Boneyard | 2 | |
| Spirit Tower | 1 | |
31 total
» build order
00:08 Graveyard
00:10 Crypt
00:43 Ziggurat
01:00 Altar of Darkness
01:31 Ziggurat
01:53 Tomb of Relics
02:26 Nerubian Tower
05:03 Necropolis
05:10 Ziggurat
05:40 Halls of the Dead
05:40 Halls of the Dead
06:19 Nerubian Tower
08:26 Slaughterhouse
08:27 Sacrificial Pit
08:45 Black Citadel
09:00 Ziggurat
09:01 Ziggurat
09:31 Ziggurat
11:08 Boneyard
11:09 Boneyard
12:42 Sacrificial Pit
12:45 Sacrificial Pit
13:00 Ziggurat
25:31 Spirit Tower
25:33 Crypt
25:35 Crypt
25:36 Crypt
27:10 Ziggurat
27:12 Ziggurat
» items
| Rod of Necromancy | 4 | |
| Sacrificial Skull | 2 | |
| Potion of Mana | 2 | |
| Orb of Corruption | 1 | |
| Scroll of Town Portal | 3 | |
| Potion of Healing | 2 | |
14 total
Norbs (
orange | 68 APM | 1911 actions | 28:03)
5 Priestess of the Moon
2 Searing Arrows
3 Trueshot Aura
» actions
| Assign group hotkey | 60 | |
| Basic commands | 22 | |
| Build / train | 75 | |
| ESC pressed | 1 | |
| Enter build submenu | 20 | |
| Enter hero's abilities submenu | 5 | |
| Remove unit from queue | 10 | |
| Right click | 883 | |
| Select / deselect | 373 | |
| Select group hotkey | 423 | |
| Use ability | 39 | |
1911 total
» units
| Wisp | 16 | |
| Archer | 18 | |
| Druid of the Talon | 6 | |
| Hippogryph | 6 | |
46 total
» upgrades
| Strength of the Moon | 2 | |
| Druid of the Talon Training | 1 | |
| Improved Bows | 1 | |
| Hippogryph Taming | 1 | |
| Moon Armor | 1 | |
| Strength of the Wild | 1 | |
7 total
» buildings
| Altar of Elders | 1 | |
| Moon Well | 8 | |
| Ancient of War | 2 | |
| Hunter's Hall | 1 | |
| Tree of Ages | 1 | |
| Ancient Protector | 3 | |
| Ancient of Wonders | 1 | |
| Ancient of Wind | 2 | |
| Tree of Life | 2 | |
| Tree of Eternity | 1 | |
22 total
» build order
00:11 Altar of Elders
00:13 Moon Well
00:25 Ancient of War
01:51 Moon Well
02:34 Moon Well
03:39 Hunter's Hall
04:04 Tree of Ages
04:50 Ancient Protector
05:49 Ancient of War
06:23 Ancient of Wonders
06:40 Ancient of Wind
07:46 Ancient of Wind
09:09 Moon Well
09:13 Ancient Protector
11:10 Tree of Life
12:31 Moon Well
13:56 Moon Well
19:27 Tree of Eternity
22:20 Ancient Protector
23:44 Tree of Life
24:33 Moon Well
24:34 Moon Well
» items
| Scroll of Town Portal | 1 | |
| Scroll of Speed | 1 | |
| Lesser Clarity Potion | 1 | |
| Healing Salve | 1 | |
4 total
GoHardOrGoHome (
yellow | 55 APM | 2438 actions | 44:37)
7 Archmage
3 Summon Water Elemental
3 Brilliance Aura
1 Mass Teleport
» actions
| Assign group hotkey | 98 | |
| Basic commands | 284 | |
| Build / train | 77 | |
| Enter build submenu | 70 | |
| Enter hero's abilities submenu | 7 | |
| Give item / drop item | 11 | |
| Right click | 978 | |
| Select / deselect | 412 | |
| Select group hotkey | 225 | |
| Use ability | 276 | |
2438 total
» units
| Peasant | 20 | |
| Footman | 5 | |
| Gryphon Rider | 7 | |
| Acolyte | 1 | |
33 total
» upgrades
| Masonry | 3 | |
| Lumber Harvesting | 2 | |
| Swords | 3 | |
| Armor | 3 | |
| Storm Hammers | 1 | |
| Animal War Training | 1 | |
| Cloud | 1 | |
14 total
» buildings
| Altar of Kings | 1 | |
| Barracks | 1 | |
| Farm | 17 | |
| Lumber Mill | 1 | |
| Arcane Vault | 1 | |
| Town Hall | 1 | |
| Scout Tower | 48 | |
| Keep | 1 | |
| Guard Tower | 12 | |
| Castle | 1 | |
| Gryphon Aviary | 6 | |
| Blacksmith | 2 | |
92 total
» build order
00:50 Altar of Kings
00:52 Barracks
00:54 Farm
00:55 Farm
01:08 Farm
01:16 Farm
01:37 Farm
03:11 Lumber Mill
03:55 Arcane Vault
04:01 Town Hall
04:05 Scout Tower
04:08 Scout Tower
04:10 Scout Tower
04:12 Scout Tower
04:35 Keep
04:39 Guard Tower
05:33 Guard Tower
07:18 Castle
07:45 Scout Tower
07:45 Scout Tower
07:46 Scout Tower
07:47 Scout Tower
07:48 Scout Tower
07:48 Scout Tower
08:52 Guard Tower
09:14 Gryphon Aviary
09:15 Gryphon Aviary
09:15 Gryphon Aviary
09:54 Blacksmith
09:56 Blacksmith
10:07 Scout Tower
10:07 Scout Tower
10:09 Scout Tower
10:10 Scout Tower
12:01 Farm
14:03 Guard Tower
17:09 Scout Tower
17:10 Scout Tower
17:10 Scout Tower
17:10 Scout Tower
19:11 Scout Tower
19:12 Scout Tower
19:12 Scout Tower
19:15 Scout Tower
19:16 Scout Tower
19:17 Scout Tower
19:18 Scout Tower
19:36 Guard Tower
19:38 Scout Tower
19:39 Scout Tower
19:41 Scout Tower
19:41 Scout Tower
19:42 Scout Tower
20:10 Farm
20:15 Farm
20:26 Guard Tower
20:28 Guard Tower
20:33 Scout Tower
20:33 Scout Tower
20:34 Scout Tower
20:34 Scout Tower
20:35 Scout Tower
20:35 Scout Tower
20:36 Scout Tower
20:41 Gryphon Aviary
20:41 Gryphon Aviary
20:42 Gryphon Aviary
20:46 Scout Tower
20:46 Scout Tower
20:47 Scout Tower
20:48 Scout Tower
20:49 Scout Tower
20:49 Scout Tower
20:49 Scout Tower
20:50 Scout Tower
20:50 Scout Tower
20:51 Scout Tower
21:03 Farm
21:04 Farm
21:04 Farm
21:04 Farm
21:08 Farm
21:08 Farm
21:09 Farm
21:11 Farm
21:12 Farm
21:34 Guard Tower
22:05 Guard Tower
22:39 Guard Tower
22:46 Guard Tower
23:12 Guard Tower
» items
| Scroll of Town Portal | 1 | |
| Periapt of Vitality | 2 | |
| Staff of Teleportation | 2 | |
| Potion of Lesser Invulnerability | 1 | |
| Scroll of Regeneration | 2 | |
8 total
massgrunts1337 (
blue | 45 APM | 2020 actions | 44:36)
6 Blademaster
3 Critical Strike
2 Wind Walk
1 Bladestorm
» actions
| Assign group hotkey | 6 | |
| Basic commands | 15 | |
| Build / train | 61 | |
| Enter build submenu | 24 | |
| Enter hero's abilities submenu | 6 | |
| Give item / drop item | 1 | |
| Remove unit from queue | 2 | |
| Right click | 1450 | |
| Select / deselect | 206 | |
| Select group hotkey | 193 | |
| Use ability | 56 | |
2020 total
» units
| Peon | 25 | |
| Wind Rider | 6 | |
| Tauren | 2 | |
| Troll Batrider | 4 | |
37 total
» upgrades
| Armor | 3 | |
| Envenomed Spears | 1 | |
| Pulverize | 1 | |
5 total
» buildings
| Altar of Storms | 1 | |
| Orc Burrow | 13 | |
| Voodoo Lounge | 1 | |
| Stronghold | 1 | |
| War Mill | 1 | |
| Beastiary | 2 | |
| Fortress | 1 | |
| Tauren Totem | 1 | |
| Spirit Lodge | 1 | |
| Great Hall | 1 | |
| Watch Tower | 4 | |
| Tree of Life | 1 | |
28 total
» build order
00:06 Altar of Storms
00:09 Orc Burrow
00:29 Voodoo Lounge
01:37 Orc Burrow
02:40 Stronghold
03:57 Orc Burrow
04:01 War Mill
05:59 Beastiary
06:07 Beastiary
06:10 Fortress
07:27 Orc Burrow
08:32 Tauren Totem
09:06 Orc Burrow
10:52 Orc Burrow
12:47 Spirit Lodge
15:20 Great Hall
16:41 Orc Burrow
16:44 Orc Burrow
16:45 Orc Burrow
16:46 Orc Burrow
19:22 Orc Burrow
20:55 Orc Burrow
21:53 Watch Tower
21:58 Watch Tower
22:34 Watch Tower
22:37 Watch Tower
27:47 Orc Burrow
31:56 Tree of Life
» items
| Healing Salve | 1 | |
| Lesser Clarity Potion | 1 | |
| Scroll of Speed | 1 | |
| Orb of Lightning | 1 | |
| Tiny Great Hall | 1 | |
| Potion of Lesser Invulnerability | 1 | |
| Scroll of Town Portal | 1 | |
| Boots of Speed | 1 | |
8 total
team 2 (loser)
dietwater (
red | 45 APM | 896 actions | 19:57)
5 Archmage
3 Summon Water Elemental
2 Brilliance Aura
2 Dark Ranger
1 Black Arrow
1 Silence
» actions
| Basic commands | 292 | |
| Build / train | 94 | |
| ESC pressed | 5 | |
| Enter build submenu | 32 | |
| Enter hero's abilities submenu | 7 | |
| Remove unit from queue | 1 | |
| Right click | 9 | |
| Select / deselect | 379 | |
| Use ability | 77 | |
896 total
» units
| Peasant | 16 | |
| Footman | 9 | |
| Rifleman | 15 | |
| Priest | 7 | |
| Wisp | 2 | |
| Chimaera | 1 | |
50 total
» upgrades
| Gunpowder | 3 | |
| Long Rifles | 1 | |
| Lumber Harvesting | 2 | |
| Armor | 3 | |
| Masonry | 1 | |
| Priest Training | 2 | |
| Corrosive Breath | 1 | |
13 total
» buildings
| Altar of Kings | 1 | |
| Farm | 12 | |
| Barracks | 2 | |
| Scout Tower | 7 | |
| Arcane Tower | 3 | |
| Blacksmith | 1 | |
| Lumber Mill | 2 | |
| Town Hall | 1 | |
| Keep | 1 | |
| Arcane Vault | 1 | |
| Guard Tower | 4 | |
| Castle | 1 | |
| Arcane Sanctum | 1 | |
37 total
» build order
00:38 Altar of Kings
00:53 Farm
01:07 Barracks
01:15 Farm
01:19 Farm
01:56 Farm
02:04 Farm
02:50 Scout Tower
03:22 Arcane Tower
04:43 Blacksmith
05:01 Lumber Mill
05:43 Town Hall
05:52 Keep
06:01 Farm
06:09 Scout Tower
06:59 Arcane Tower
07:01 Scout Tower
07:09 Arcane Vault
07:27 Farm
07:48 Farm
07:56 Guard Tower
07:58 Farm
08:28 Castle
08:32 Arcane Sanctum
08:44 Lumber Mill
09:12 Barracks
09:27 Farm
09:36 Scout Tower
09:56 Farm
10:28 Guard Tower
10:31 Scout Tower
14:27 Scout Tower
14:46 Scout Tower
17:05 Guard Tower
17:14 Arcane Tower
17:21 Guard Tower
17:24 Farm
» items
| Scroll of Regeneration | 4 | |
| Potion of Healing | 2 | |
| Scroll of Town Portal | 4 | |
| Ivory Tower | 2 | |
12 total
Piemaster (
purple | 57 APM | 702 actions | 12:21)
3 Demon Hunter
1 Immolation
2 Evasion
» actions
| Assign group hotkey | 6 | |
| Build / train | 44 | |
| Enter build submenu | 12 | |
| Enter hero's abilities submenu | 3 | |
| Right click | 273 | |
| Select / deselect | 104 | |
| Select group hotkey | 210 | |
| Use ability | 50 | |
702 total
» units
» upgrades
| Strength of the Wild | 1 | |
| Reinforced Hides | 1 | |
2 total
» buildings
| Altar of Elders | 1 | |
| Moon Well | 12 | |
| Tree of Ages | 2 | |
| Hunter's Hall | 1 | |
| Tree of Eternity | 2 | |
| Ancient of Wind | 1 | |
| Ancient of Wonders | 1 | |
| Chimaera Roost | 4 | |
| Tree of Life | 1 | |
25 total
» build order
00:07 Altar of Elders
00:15 Moon Well
00:41 Moon Well
00:42 Moon Well
00:45 Moon Well
00:47 Moon Well
00:48 Moon Well
00:50 Moon Well
00:51 Moon Well
01:20 Moon Well
03:11 Tree of Ages
03:28 Moon Well
03:55 Moon Well
03:58 Moon Well
04:16 Hunter's Hall
05:32 Tree of Eternity
05:33 Tree of Eternity
06:47 Ancient of Wind
06:49 Ancient of Wonders
08:24 Chimaera Roost
08:26 Chimaera Roost
08:26 Chimaera Roost
08:28 Chimaera Roost
08:48 Tree of Life
» items
| Boots of Speed | 1 | |
| Orb of Venom | 1 | |
2 total
BankOfUSA (
pink | 70 APM | 3137 actions | 44:36)
9 Paladin
3 Holy Light
3 Divine Shield
3 Devotion Aura
» actions
| Assign group hotkey | 114 | |
| Basic commands | 45 | |
| Build / train | 258 | |
| ESC pressed | 9 | |
| Enter build submenu | 90 | |
| Enter hero's abilities submenu | 10 | |
| Give item / drop item | 3 | |
| Right click | 1021 | |
| Select / deselect | 434 | |
| Select group hotkey | 902 | |
| Use ability | 251 | |
3137 total
» units
| Peasant | 19 | |
| Footman | 7 | |
| Dragonhawk Rider | 10 | |
| Gryphon Rider | 4 | |
| Wisp | 5 | |
45 total
» upgrades
| Swords | 3 | |
| Masonry | 3 | |
| Armor | 3 | |
| Animal War Training | 1 | |
| Lumber Harvesting | 2 | |
| Storm Hammers | 1 | |
| Cloud | 1 | |
14 total
» buildings
| Altar of Kings | 1 | |
| Barracks | 1 | |
| Farm | 17 | |
| Lumber Mill | 2 | |
| Arcane Vault | 1 | |
| Blacksmith | 1 | |
| Scout Tower | 55 | |
| Town Hall | 2 | |
| Arcane Tower | 10 | |
| Guard Tower | 133 | |
| Keep | 5 | |
| Castle | 1 | |
| Gryphon Aviary | 4 | |
| Ancient Protector | 3 | |
236 total
» build order
00:38 Altar of Kings
00:41 Barracks
00:51 Farm
01:04 Farm
01:35 Lumber Mill
01:45 Farm
02:09 Farm
02:16 Arcane Vault
03:04 Blacksmith
03:50 Scout Tower
04:23 Town Hall
04:26 Scout Tower
04:44 Arcane Tower
04:45 Arcane Tower
04:45 Arcane Tower
04:45 Arcane Tower
04:46 Scout Tower
04:47 Scout Tower
04:50 Scout Tower
04:52 Scout Tower
05:01 Scout Tower
05:21 Guard Tower
05:21 Guard Tower
05:22 Guard Tower
05:23 Guard Tower
05:23 Guard Tower
05:31 Guard Tower
05:45 Arcane Tower
05:45 Arcane Tower
05:45 Arcane Tower
05:46 Arcane Tower
06:07 Keep
06:07 Keep
07:29 Scout Tower
07:30 Scout Tower
07:32 Scout Tower
07:34 Scout Tower
08:06 Guard Tower
08:06 Guard Tower
08:06 Guard Tower
08:06 Guard Tower
08:07 Guard Tower
08:07 Guard Tower
08:07 Guard Tower
08:07 Guard Tower
08:08 Guard Tower
08:08 Guard Tower
08:08 Guard Tower
08:08 Guard Tower
08:55 Castle
09:10 Gryphon Aviary
09:11 Gryphon Aviary
09:35 Farm
09:36 Farm
09:39 Farm
09:45 Scout Tower
09:46 Scout Tower
09:50 Scout Tower
09:56 Farm
10:11 Scout Tower
10:12 Scout Tower
10:13 Scout Tower
10:22 Guard Tower
10:59 Guard Tower
10:59 Guard Tower
11:09 Scout Tower
11:10 Scout Tower
11:12 Scout Tower
11:30 Scout Tower
11:34 Scout Tower
11:49 Guard Tower
11:49 Guard Tower
11:50 Guard Tower
11:50 Guard Tower
12:31 Scout Tower
12:31 Scout Tower
12:33 Scout Tower
12:34 Scout Tower
12:36 Scout Tower
12:37 Scout Tower
12:39 Scout Tower
13:08 Guard Tower
13:08 Guard Tower
13:08 Guard Tower
13:09 Guard Tower
13:09 Guard Tower
13:09 Guard Tower
13:18 Guard Tower
13:27 Guard Tower
13:27 Guard Tower
13:27 Guard Tower
13:27 Guard Tower
13:40 Guard Tower
13:45 Guard Tower
13:53 Scout Tower
14:23 Guard Tower
14:23 Guard Tower
14:29 Ancient Protector
14:31 Ancient Protector
14:33 Ancient Protector
14:49 Guard Tower
14:50 Guard Tower
14:51 Scout Tower
15:03 Farm
15:08 Farm
15:22 Guard Tower
15:23 Guard Tower
15:24 Scout Tower
15:25 Scout Tower
15:51 Guard Tower
15:52 Guard Tower
15:52 Guard Tower
15:52 Guard Tower
15:53 Guard Tower
16:28 Guard Tower
16:28 Guard Tower
18:52 Gryphon Aviary
18:53 Gryphon Aviary
20:31 Scout Tower
20:32 Scout Tower
20:35 Scout Tower
20:54 Keep
20:55 Keep
20:56 Scout Tower
20:57 Guard Tower
20:58 Guard Tower
20:59 Scout Tower
21:00 Scout Tower
21:01 Scout Tower
21:04 Scout Tower
21:07 Guard Tower
21:07 Guard Tower
22:29 Guard Tower
22:31 Guard Tower
22:31 Guard Tower
22:31 Guard Tower
22:32 Guard Tower
24:10 Farm
24:11 Farm
24:12 Farm
24:12 Farm
24:15 Guard Tower
24:58 Scout Tower
24:59 Scout Tower
24:59 Scout Tower
25:00 Scout Tower
25:27 Guard Tower
25:27 Guard Tower
25:28 Guard Tower
25:28 Guard Tower
25:31 Scout Tower
26:01 Guard Tower
26:01 Guard Tower
27:37 Farm
27:38 Farm
27:39 Farm
29:03 Lumber Mill
31:16 Town Hall
31:18 Scout Tower
31:18 Scout Tower
31:19 Scout Tower
31:20 Scout Tower
31:37 Scout Tower
31:43 Scout Tower
31:45 Scout Tower
31:46 Scout Tower
31:47 Guard Tower
31:47 Guard Tower
31:48 Guard Tower
31:48 Guard Tower
31:49 Guard Tower
31:50 Guard Tower
31:52 Scout Tower
32:13 Guard Tower
32:14 Guard Tower
32:14 Guard Tower
32:14 Guard Tower
32:18 Guard Tower
32:18 Guard Tower
32:19 Guard Tower
32:19 Guard Tower
33:01 Guard Tower
33:01 Guard Tower
33:01 Guard Tower
33:01 Guard Tower
33:26 Guard Tower
33:26 Guard Tower
33:27 Guard Tower
34:33 Guard Tower
34:34 Guard Tower
34:34 Guard Tower
» items
| Scroll of Regeneration | 3 | |
| Lesser Clarity Potion | 2 | |
| Scroll of Town Portal | 4 | |
| Boots of Speed | 1 | |
| Scroll of Protection | 1 | |
11 total
Bracup (
teal | 46 APM | 1071 actions | 23:28)
4 Death Knight
2 Death Coil
2 Unholy Aura
1 Dreadlord
1 Sleep
» actions
| Assign group hotkey | 22 | |
| Build / train | 41 | |
| Enter build submenu | 19 | |
| Enter hero's abilities submenu | 5 | |
| Right click | 673 | |
| Select / deselect | 184 | |
| Select group hotkey | 97 | |
| Use ability | 30 | |
1071 total
» units
| Acolyte | 2 | |
| Ghoul | 3 | |
| Crypt Fiend | 5 | |
| Frost Wyrm | 8 | |
18 total
» upgrades
| Creature Attack | 3 | |
| Creature Carapace | 3 | |
| Freezing Breath | 1 | |
| Web | 1 | |
8 total
» buildings
| Ziggurat | 7 | |
| Altar of Darkness | 2 | |
| Crypt | 1 | |
| Nerubian Tower | 1 | |
| Graveyard | 1 | |
| Halls of the Dead | 1 | |
| Tomb of Relics | 1 | |
| Black Citadel | 1 | |
| Sacrificial Pit | 1 | |
| Spirit Tower | 5 | |
| Boneyard | 2 | |
23 total
» build order
00:11 Ziggurat
00:21 Altar of Darkness
00:26 Altar of Darkness
00:44 Crypt
01:04 Nerubian Tower
01:20 Graveyard
02:05 Ziggurat
02:37 Ziggurat
03:44 Halls of the Dead
04:00 Ziggurat
05:44 Tomb of Relics
06:00 Ziggurat
06:06 Ziggurat
06:08 Black Citadel
07:41 Sacrificial Pit
08:27 Spirit Tower
08:29 Spirit Tower
08:38 Boneyard
09:56 Boneyard
12:54 Spirit Tower
12:59 Ziggurat
14:02 Spirit Tower
15:18 Spirit Tower
Chat log
(00:19 / Allies) Norbs: rush?
(00:24 / Allies) massgrunts1337: sure
(00:28 / Allies) Norbs: s2
(00:41 / Allies) massgrunts1337: ?
(00:47 / Allies) Norbs: nice
(00:50 / Allies) Norbs: go
(01:01 / Allies) Norbs: undead, humam, nf and orc
(01:05 / Allies) GoHardOrGoHome: I'm, not rush
(01:12 / Allies) Norbs: omg
(01:15 / Allies) Norbs: gogo
(01:25 / Allies) GoHardOrGoHome: me not rush
(01:32 / Allies) massgrunts1337: dont ever rush a man that doesnt want to be rushed
(01:40 / Allies) GoHardOrGoHome: wise words
(02:30 / Allies) massgrunts1337: fuck i picked crit strike instead of wind walk...
(04:19 / Allies) Norbs: yellow
(04:22 / Allies) Norbs: mif
(04:23 / Allies) Norbs: mid
(05:16 / Allies) Norbs: blue
(05:18 / Allies) Norbs: noob
(06:20 / Allies) GoHardOrGoHome: blue
(06:23 / Allies) GoHardOrGoHome: go kill dh in mid
(07:38 / Allies) GoHardOrGoHome: omw
(09:40 / Allies) JERK2: ELF IS GOING CHIMS
(09:46 / Allies) JERK2: GO SIT IN HIS BASE
(10:38 / Allies) JERK2: COME INSDIDE
(13:17 / Allies) Norbs: mass chim IAUSIAUHSIUAHS
(14:46 / Allies) massgrunts1337: need to expand first
(14:47 / Allies) massgrunts1337: sorry
(14:53 / Allies) Norbs: oko
(15:15 / All) BankOfUSA: Teal says wyrms are the best unit in the game and is calling us bad
(15:27 / All) massgrunts1337: no one cares
(15:36 / All) BankOfUSA: u should you're 10-12 as of this game
(15:46 / All) massgrunts1337: still dont
(16:06 / All) BankOfUSA: no upgraded burrows LOL
(18:56 / All) massgrunts1337: dont hear u laughing now bitch lol
(19:17 / All) BankOfUSA: I won why would I be mad
(19:22 / All) BankOfUSA: you lost when you entered the game
(19:50 / All) massgrunts1337: right right
(19:56 / All) BankOfUSA: just leave now
(20:03 / All) BankOfUSA: before the real asspain
(20:25 / All) massgrunts1337: ur teammates leaving dont seem to agree lol...
(20:38 / Allies) GoHardOrGoHome: lumber?
(20:54 / Allies) GoHardOrGoHome: lumber?
(21:38 / Allies) GoHardOrGoHome: lumber/
(21:53 / All) BankOfUSA: lol!
(21:57 / Allies) GoHardOrGoHome: thx m8
(22:01 / All) BankOfUSA: you are horrible lawl
(22:19 / All) BankOfUSA: no orb?
(22:24 / All) BankOfUSA: LOL!
(22:36 / All) BankOfUSA: hahahaha
(22:50 / All) BankOfUSA: this is why you are 10-11 lawl
(23:17 / All) massgrunts1337: u still lost
(23:21 / All) BankOfUSA: No
(23:42 / All) BankOfUSA: lawl
(23:48 / All) BankOfUSA: you suck big time
(23:52 / All) GoHardOrGoHome: OPERATION THUNDERSHOCK commencing in t minus 1 minute
(23:54 / All) GoHardOrGoHome: standbyh
(24:23 / All) BankOfUSA: uninstall blue lol
(24:28 / All) massgrunts1337: bye pink
(24:29 / All) BankOfUSA: when I think I've played bad
(24:31 / All) BankOfUSA: players like u cheer me up
(24:35 / All) massgrunts1337: gamesover
(24:41 / All) BankOfUSA: no
(24:50 / All) BankOfUSA: Eat my shit
(24:52 / All) massgrunts1337: k have fun
(25:22 / All) BankOfUSA: leave assholes lawl
(25:25 / All) BankOfUSA: should've saved the asspain
(26:14 / Allies) Norbs: ?
(26:21 / Allies) Norbs: noob?
(26:21 / All) BankOfUSA: just leave retards
(26:24 / All) BankOfUSA: you lose
(27:00 / Allies) Norbs: AHSIUAHSIAUHS
(27:05 / Allies) Norbs: NOOB MASTER
(27:10 / All) BankOfUSA: bats are al ittle late blue
(27:20 / All) BankOfUSA: lol
(27:47 / All) BankOfUSA: why aren't you shit talking now blue?
(27:52 / All) BankOfUSA: what's wrong buddy?
(27:55 / All) massgrunts1337: whats there to say
(27:58 / All) massgrunts1337: u lost man
(27:59 / All) BankOfUSA: you lose
(28:00 / All) BankOfUSA: out
(28:02 / All) BankOfUSA: OUT
(28:03 / All) BankOfUSA: I PAUSED
(28:05 / All) BankOfUSA: SO YOU CAN LEAVE
(28:05 / All) GoHardOrGoHome: Please stop orange I only have 3.6k lumber
(28:05 / All) BankOfUSA: AND FIND THE BUTTON
(28:06 / All) BankOfUSA: GET
(28:06 / All) BankOfUSA: THE
(28:07 / All) BankOfUSA: FUCK
(28:08 / All) BankOfUSA: OUT
(28:13 / All) BankOfUSA: PAUSE SO U CAN LEAVE
(28:14 / All) BankOfUSA: FUCK
(28:14 / All) BankOfUSA: OUT
(28:15 / All) BankOfUSA: GET
(28:16 / All) BankOfUSA: THE
(28:16 / All) BankOfUSA: FUCK
(28:17 / All) BankOfUSA: OUT
(28:21 / All) BankOfUSA: GET
(28:21 / All) BankOfUSA: THE
(28:22 / All) BankOfUSA: FUCK
(28:24 / All) BankOfUSA: OUT
(28:40 / All) JERK2: I DON'T UNDERSTNAD
(28:42 / All) JERK2: WHAT THE FUCK
(28:45 / All) JERK2: IS WRONG WITH YOU FUCKING MONKEYS
(28:46 / All) BankOfUSA: OUT LOL
(28:47 / All) JERK2: JESUS CHRIST
(29:00 / All) BankOfUSA: NO PEONS FOR YOU LOL
(29:35 / All) BankOfUSA: MOVE COMMAND LOL
(29:45 / Allies) massgrunts1337: what are u guys waiting for
(29:54 / Allies) JERK2: HAVE YOU NOT NOTICED YELLOW IS THIS FAGGOTS FRIEND
(30:03 / Allies) massgrunts1337: no lol
(30:08 / Allies) massgrunts1337: my sound is off
(30:20 / Allies) JERK2: SHIT PLAYERS HELPING EACH OTHER OUT
(31:34 / All) JERK2: ABSOLUTELY FUCKING PATHETIC
(31:41 / All) BankOfUSA: I had 50 food hawks l;awl
(31:42 / All) JERK2: YOU FUCKING FAGGOTS SEARCH AT THE SAME TIME?
(32:17 / Allies) JERK2: YELLOW
(32:19 / Allies) JERK2: PLEASE
(32:20 / Allies) JERK2: LITERALLY
(32:22 / Allies) JERK2: KILL YOURSELF
(32:23 / Allies) GoHardOrGoHome: You're gonna lose lol
(32:29 / Allies) GoHardOrGoHome: I have 14k
(32:32 / Allies) massgrunts1337: i dont care lol
(32:37 / Allies) JERK2: AND YOU'RE SET ON BEING A FUCKING RETARD
(32:50 / Allies) GoHardOrGoHome: Please don't kill my wood peons
(32:51 / Allies) JERK2: WHY DID YOU DO THIS 20 MINUTES AGO AND NOT WASTE MY TIME
(32:53 / Allies) JERK2: YOU FUCKING CUNT
(32:53 / Allies) GoHardOrGoHome: I only have 5.5k wood
(32:58 / Allies) GoHardOrGoHome: lol
(32:59 / All) BankOfUSA: leave retard blue
(33:01 / Allies) GoHardOrGoHome: talk in all
(33:01 / Allies) JERK2: DUMBASS FUCKING APES
(33:15 / Allies) JERK2: 20 APM SOUTH AMERICAN MONKEYS
(33:39 / Allies) JERK2: I HOPE YOU ARE RAPED TO DEATH
(33:45 / Allies) JERK2: UNINSTALL THIS GAME
(33:48 / Allies) JERK2: AND KILL YOURSELF
(33:51 / Allies) JERK2: YOU WORTHLESS
(33:52 / Allies) JERK2: FUCKIHNG
(33:53 / Allies) JERK2: NIGGER
(34:02 / All) JERK2: FUCKING
(34:04 / All) JERK2: PATHETIC
(34:06 / All) BankOfUSA: raped
(34:07 / All) JERK2: A NEW LOW
(34:10 / All) JERK2: LMAO SURE THING NIGGER
(34:15 / All) JERK2: YOU TWO ARE FUCKING PATHETIC
(34:16 / All) BankOfUSA: bad place to engage lawl
(34:16 / All) GoHardOrGoHome: LOL
(34:24 / All) GoHardOrGoHome: brilliant lol
(34:24 / All) BankOfUSA: I think he was mad
(34:26 / All) GoHardOrGoHome: yeah
(34:50 / All) BankOfUSA: he whispered me "beyond trash"
(35:00 / Allies) GoHardOrGoHome: lol
(35:02 / Allies) GoHardOrGoHome: HEHE
(35:03 / All) GoHardOrGoHome: HEHEHEHEHE
(38:12 / All) GoHardOrGoHome: did you have fun blue
(38:19 / All) BankOfUSA: I hope you had as much fun as I did lol
(38:30 / All) GoHardOrGoHome: we both had barrels of fun
(38:35 / All) GoHardOrGoHome: We love video games
(38:37 / All) GoHardOrGoHome: did you have fun
(39:26 / All) BankOfUSA: he's whispering me like hell
(41:09 / Allies) GoHardOrGoHome: Well what do you have to say for yourself now, blue?
(43:36 / All) GoHardOrGoHome: those peons are marching to your defeat
(43:39 / All) GoHardOrGoHome: THE TUNE OF YOUR DEFEAT
(44:02 / All) GoHardOrGoHome: Only a great master of treachery could snatch defeat from the jaws of victory
(44:06 / All) GoHardOrGoHome: For me it is quite easy!